 Dungeon Crawl Stone Soup version 0.32-a0-306-gfed3edf829 (webtiles) character file.

Game seed: 12506920063605891387

11180 BerryKnight the Summoner (level 11, -5/85 HPs)
             Began as a Mountain Dwarf Ice Elementalist on Feb 15, 2024.
             Was an Elder of Cheibriados.
             Killed from afar by an electric eel (10 damage)
             ... with a bolt of electricity
             ... on level 11 of the Dungeon.
             The game lasted 00:44:26 (5456 turns).

BerryKnight the Summoner (MDIE)                     Turns: 5456, Time: 00:44:26

Health: -5/85      AC: 14    Str: 20    XL:     11   Next: 45%
Magic:  9/20       EV:  9    Int: 29    God:    Cheibriados [****..]
Gold:   370        SH:  6    Dex: 19    Spells: 2/22 levels left

rFire   . . .        o - +4 club (spect)
rCold   + . .        L - +0 buckler
rNeg    . . .        k - +0 chain mail {rPois}
rPois   +            p - +0 helmet
rElec   .            (no cloak)
rCorr   .            E - +1 pair of gloves
SInv    .            H - +0 pair of boots
Will    +....        (no amulet) Stlth
                     c - ring of protection from cold
HPRegen 0.34/turn    (no ring)
MPRegen 0.17/turn

%: no passive effects
@: very slow
A: runic magic, artefact enchanting
a: Renounce Religion, Bend Time, Temporal Distortion, Slouch


You were on level 11 of the Dungeon.
You worshipped Cheibriados.
Cheibriados was greatly pleased with you.
You visited 2 branches of the dungeon, and saw 12 of its levels.

You collected 576 gold pieces.
You spent 206 gold pieces at shops.

Inventory:

Hand Weapons
 b - a +2 dagger of venom
 o - a +4 spectral club (weapon)
 v - the +1 hand axe of Golden Optimality {holy, rN++}
   (You bought it in a shop on level 6 of the Dungeon)

   rN++:      It greatly protects you from negative energy.
 x - a +2 war axe of electrocution
 C - a +2 heavy flail
 I - a +4 trident of draining
Missiles
 g - 8 boomerangs
 h - 10 poisoned darts
 y - 2 curare-tipped darts
 M - 2 throwing nets
Armour
 d - +0 acid dragon scales
 j - a +2 robe of cold resistance
 k - a +0 chain mail of poison resistance (worn)
 p - a +0 helmet (worn)
 u - a +0 kite shield
 D - a +4 ring mail
 E - a +1 pair of gloves (worn)
 H - a +0 pair of boots (worn)
 L - a +0 buckler (worn)
 N - a +1 chain mail of fire resistance
Jewellery
 c - a ring of protection from cold (left hand)
Wands
 n - a wand of roots (31)
 t - a wand of polymorph (19)
 A - a wand of flame (11) (quivered)
 F - a wand of charming (2)
Scrolls
 a - 5 scrolls of immolation
 e - 2 scrolls of enchant armour
 m - 2 scrolls of fog
 q - a scroll of revelation
 s - a scroll of amnesia
 w - 4 scrolls of teleportation
 G - a scroll of fear
 O - a scroll of silence {unknown}
Potions
 f - a potion of invisibility
 i - 4 potions of lignification
 l - a potion of cancellation
 r - a potion of brilliance
 z - a potion of magic
 J - a potion of berserk rage {unknown}
 K - a potion of resistance {unknown}


   Skills:
 + Level 4.5 Fighting
 - Level 6.0 Armour
 - Level 3.0 Dodging
 - Level 1.4 Stealth
 + Level 7.2 Shields
 + Level 6.1 Spellcasting
 * Level 8.6 Summonings
 - Level 6.0 Necromancy
 + Level 7.4 Fire Magic
 - Level 6.0 Ice Magic
 + Level 3.1 Invocations


You had 2 spell levels left.
You knew the following spells:

 Your Spells              Type           Power      Damage    Failure   Level
a - Freeze                Ice            100%       1d10      1%          1
b - Frozen Ramparts       Ice            86%        1d13      2%          3
c - Ozocubu's Armour      Ice            43%        N/A       2%          3
d - Summon Ice Beast      Ice/Summ       50%        N/A       1%          3
e - Martyr's Knell        Necr/Summ      50%        N/A       5%          4
f - Summon Cactus Giant   Summ           28%        N/A       43%         6

Your spell library contained the following spells:

 Spells                   Type           Power      Damage    Failure   Level
 Necrotise                Necr           100%       1d9       1%          1
 Scorch                   Fire           100%       2d9       1%          2
 Cigotuvi's Dreadful Rot  Necr/Alch/Air  40%        N/A       7%          2
 Magic Dart               Conj           32%        1d4       11%         1
 Sandblast                Erth           16%        2d6       11%         1
 Searing Ray              Conj           16%        2d5       16%         2
 Fugue of the Fallen      Necr           43%        N/A       2%          3
 Vampiric Draining        Necr           43%        2d9       2%          3
 Inner Flame              Hex/Fire       30%        N/A       7%          3
 Flame Wave               Conj/Fire      30%        2d9       22%         4
 Ignite Poison            Fire/Alch      30%        N/A       22%         4
 Sticky Flame             Fire/Alch      30%        2d7       22%         4
 Curse of Agony           Necr           43%        N/A       26%         5
 Passwall                 Erth           8%         N/A       32%         3
 Stone Arrow              Conj/Erth      16%        3d8       32%         3
 Brom's Barrelling Bould  Conj/Erth      8%         2d3       71%         4
 Fulminant Prism          Conj/Alch      4%         3d5       71%         4
 Manifold Assault         Tloc           8%         N/A       71%         4
 Olgreb's Toxic Radiance  Alch           8%         N/A       71%         4
 Freezing Cloud           Conj/Ice/Air   10%        6-21      78%         5
 Ozocubu's Refrigeration  Ice            21%        4d12      100%        7
 Discord                  Hex            4%         N/A       100%        8


Dungeon Overview and Level Annotations

Branches:
Dungeon (11/15)            Temple (1/1) D:6
   Lair: D:8-11         Orc: D:9-12

Altars:
Ashenzari
Cheibriados
Dithmenos
Elyvilon
Fedhas
Gozag
Hepliaklqana
Kikubaaqudgha
Makhleb
Nemelex Xobeh
Okawaru
Qazlal
Ru
Sif Muna
Trog
Uskayaw
Vehumet
Wu Jian
Xom
Yredelemnul
Zin
The Shining One
Beogh

Shops:
D:6 *[*(:   D:8 (:

Annotations:
D:9 Erica
Temple 2 transporters


Innate Abilities, Weirdness & Mutations

Your spellcasting is much less encumbered by armour.
You can use scrolls of enchantment on lesser artefacts.


Message History

Aim: a red ugly thing (lightly wounded, ally target)
The roots erupt in riotous growth!
Roots grab the red ugly thing.
The grasping roots constrict the red ugly thing.
The red ugly thing closely misses you.
The electric eel shoots out a bolt of lightning at the red ugly thing!
The bolt of electricity hits the red ugly thing!
The bolt of electricity hits you.
Unknown command.
Unknown command.
The grasping roots constrict the red ugly thing!
The roots release their grip on the red ugly thing.
The red ugly thing attacks as it pursues you!
The red ugly thing kicks you.
You are engulfed in flames!
The electric eel shoots out a bolt of lightning at you!
The bolt of electricity hits the red ugly thing!
The bolt of electricity hits you.
* * * LOW HITPOINT WARNING * * *
The red ugly thing kicks you.
* * * LOW HITPOINT WARNING * * *
You are engulfed in flames!!
* * * LOW HITPOINT WARNING * * *
The electric eel shoots out a bolt of lightning at you!
The bolt of electricity hits the red ugly thing!
The bolt of electricity misses you.
The bolt of electricity hits your martyred shade!
The red ugly thing kicks your martyred shade!
Your martyred shade is engulfed in flames!!
Unknown command.
Unknown command.
The red ugly thing kicks your martyred shade!
Your martyred shade is engulfed in flames!!
The electric eel shoots out a bolt of lightning at you!
The bolt of electricity hits the red ugly thing!
The bolt of electricity hits your martyred shade!
Your martyred shade wails in agony as it relives its own death.
Terrible wounds open up all over the red ugly thing's body!
The bolt of electricity hits you!
You die...
Cheibriados appreciates the motionlessness of death.

#.#)##...........#.#
#.# #.........#
###.#.# #.#
##.##.#...# #..[.)#
#.# #..##)##.##
#.....# #.#
#...##.##.# #.....#
#<# .#.###.##<#
#.....# #.# .#.
..##.# #.....# #.#
#. ####.# ###.###
##.## #. #.#
#@######...## #..
#W..........# ###
#u######...## #.#
##.## #.# ### #.#
#.# ...~≈≈~S~......
..~~≈≈≈≈~....~.


You could see a red ugly thing (distracted, flayed), an electric eel (blind,
unable to see you, ally target) and a friendly flayed ghost (summoned).

Vanquished Creatures
  Josephine (D:10)
  The ghost of PriceMaster the Magician, a novice OpFE of Vehumet (D:7)
  Pikel (D:5)
  Joseph (D:7)
  Jeremiah (D:9)
  Maggie (D:8)
  Psyche (D:8)
  A troll (D:8)
  Grinder (D:5)
  The ghost of zenocrate the Covert, an amateur OpDe of Gozag (D:3)
  4 wraiths (D:10)
  5 yaks
  Eustachio (D:5)
  A steam dragon (D:7)
  Grum (D:9)
  Menkaure (D:7)
  An acid dragon (D:9)
  Duvessa (D:7)
  3 orc warriors
  An ice beast (D:6)
  3 sky beasts
  4 ogres
  2 black bears
  2 wolves (D:9)
  4 centaurs
  4 lemures (D:5)
  A phantom (D:4)
  Blork the orc (D:5)
  2 bullfrogs
  3 kobold brigands
  4 scorpions
  A gnoll sergeant (D:8)
  Dowan (D:7)
  2 howler monkeys
  2 hounds
  2 bombardier beetles
  A gnoll bouda (D:7)
  3 jellies
  Jessica (D:2)
  3 iguanas
  7 orc wizards
  A sleepcap (D:8)
  Robin (D:2)
  8 gnolls
  7 adders
  4 white imps
  2 dart slugs (D:1)
  2 ribbon worms
  50 orcs
  7 ball pythons
  10 endoplasms
  A giant cockroach (D:1)
  16 goblins
  6 hobgoblins
  9 jackals
  5 quokkas
  3 bats
  A frilled lizard (D:1)
  25 kobolds
  3 rats
243 creatures vanquished.

Vanquished Creatures (collateral kills)
  A two-headed ogre (D:11)
  2 trolls (D:10)
  2 wraiths (D:10)
  2 yaks (D:10)
  2 orc warriors (D:9)
  A wolf (D:9)
  A centaur (D:10)
  A gnoll sergeant (D:8)
  2 howler monkeys (D:10)
  2 orc priests
  5 gnolls (D:8)
  17 orcs
38 creatures vanquished.

Grand Total: 281 creatures vanquished

Notes
Turn   | Place    | Note
-------+----------+-------------------------------------------
     0 | D:1      | BerryKnight the Mountain Dwarf Ice Elementalist began the
                  | quest for the Orb.
     0 | D:1      | Reached XP level 1. HP: 14/14 MP: 3/3
     0 | D:1      | MDIE
     0 | D:1      | M-DIE
     0 | D:1      | :D
    84 | D:1      | Reached XP level 2. HP: 14/20 MP: 0/4
   122 | D:1      | HP: 1/20 [poisoned by a goblin]
   223 | D:1      | Reached skill level 1 in Armour
   327 | D:1      | Reached XP level 3. HP: 26/26 MP: 6/6
   331 | D:1      | Learned a level 3 spell: Frozen Ramparts
   474 | D:2      | Found a hazy altar of Hepliaklqana.
   559 | D:2      | Reached XP level 4. HP: 32/33 MP: 2/7
   601 | D:2      | Noticed Jessica
   610 | D:2      | Killed Jessica
   627 | D:2      | Noticed Robin
   644 | D:2      | Reached XP level 5. HP: 28/38 MP: 0/9
   646 | D:2      | Killed Robin
   740 | D:2      | Learned a level 3 spell: Ozocubu's Armour
   741 | D:3      | Found a transporter.
   745 | D:3      | Noticed zenocrate's ghost (amateur OpDe)
   749 | D:3      | Found a transporter.
   818 | D:3      | Killed zenocrate's ghost
   819 | D:3      | Reached XP level 6. HP: 24/45 MP: 1/10
   848 | D:3      | Found a bloodstained altar of Trog.
  1060 | D:3      | Learned a level 3 spell: Summon Ice Beast
  1195 | D:4      | Reached skill level 1 in Shields
  1195 | D:4      | Reached skill level 1 in Necromancy
  1195 | D:4      | Reached XP level 7. HP: 21/50 MP: 8/12
  1409 | D:4      | Reached skill level 1 in Summonings
  1525 | D:5      | Entered Level 5 of the Dungeon
  1642 | D:5      | Reached skill level 5 in Ice Magic
  1683 | D:5      | Noticed Blork the orc
  1687 | D:5      | Killed Blork the orc
  1688 | D:5      | Reached skill level 2 in Summonings
  1747 | D:5      | Noticed Pikel
  1781 | D:5      | Reached XP level 8. HP: 16/57 MP: 3/13
  1988 | D:5      | Noticed Eustachio
  1997 | D:5      | Killed Eustachio
  1998 | D:5      | Reached skill level 3 in Summonings
  2006 | D:5      | Noticed Grinder
  2041 | D:5      | Killed Grinder
  2181 | D:5      | Killed Pikel
  2182 | D:5      | Reached skill level 5 in Armour
  2182 | D:5      | Reached skill level 4 in Summonings
  2182 | D:5      | Reached skill level 5 in Necromancy
  2182 | D:5      | Reached XP level 9. HP: 27/62 MP: 2/15
  2275 | D:6      | Found Fuworasy's Antique Weapon Boutique.
  2281 | D:6      | Learned a level 4 spell: Martyr's Knell
  2282 | D:6      | Found Mefuinip's Assorted Antiques.
  2356 | D:6      | Found Ussaguf's Antique Armour Shop.
  2380 | D:6      | Reached skill level 1 in Fire Magic
  2420 | D:6      | Found Ylieklug's General Store.
  2483 | D:6      | Bought a masterwork hand axe for 152 gold pieces
  2483 | D:6      | Identified the +1 hand axe of Golden Optimality {holy,
                  | rN++} (You bought it in a shop on level 6 of the Dungeon)
  2494 | D:6      | Bought a scroll labelled OREALUOSHI for 18 gold pieces
  2494 | D:6      | Bought a scroll labelled JUNOOC SUVECEARCH for 18 gold
                  | pieces
  2494 | D:6      | Bought a scroll labelled IWKARUC RITEUT for 18 gold pieces
  2538 | D:7      | Reached skill level 5 in Summonings
  2539 | D:7      | Noticed Joseph
  2543 | D:7      | Found a burning altar of Makhleb.
  2579 | D:7      | Killed Joseph
  2613 | D:7      | Noticed Menkaure
  2618 | D:7      | Killed Menkaure
  2638 | D:7      | Noticed Duvessa
  2639 | D:7      | Noticed Dowan
  2651 | D:7      | Killed Dowan
  2652 | D:7      | Killed Duvessa
  2707 | D:7      | Found a runed translucent door.
  2707 | D:7      | Noticed PriceMaster's ghost (novice OpFE)
  2731 | D:7      | Reached skill level 5 in Shields
  2905 | D:7      | Found a sparkling altar of Nemelex Xobeh.
  3074 | D:6      | Found Heuluihosh's Book Boutique.
  3210 | D:5      | Reached XP level 10. HP: 67/69 MP: 17/17
  3498 | D:6      | Found a staircase to the Ecumenical Temple.
  3519 | Temple   | Found a transporter.
  3519 | Temple   | Found a transporter.
  3519 | Temple   | Found a transporter.
  3519 | Temple   | Found a transporter.
  3519 | Temple   | Entered the Ecumenical Temple
  3531 | Temple   | Became a worshipper of Cheibriados the Contemplative
  3605 | D:7      | Killed PriceMaster's ghost
  3606 | D:7      | Reached skill level 5 in Spellcasting
  3606 | D:7      | Reached skill level 6 in Summonings
  3643 | D:8      | Found Estusufofe's Book Emporium.
  3770 | D:8      | Reached skill level 1 in Fighting
  3828 | D:8      | Noticed Maggie
  3846 | D:8      | Killed Maggie
  3849 | D:8      | Found a shimmering blue altar of Sif Muna.
  3976 | D:8      | Reached skill level 5 in Fire Magic
  4004 | D:8      | Reached * piety under Cheibriados
  4053 | D:8      | Noticed Psyche
  4076 | D:8      | Killed Psyche
  4140 | D:8      | 0/1
  4197 | D:8      | Found Baroek's Weapon Boutique.
  4277 | D:9      | Found a hazy altar of Hepliaklqana.
  4317 | D:9      | Reached skill level 7 in Summonings
  4339 | D:9      | Reached ** piety under Cheibriados
  4445 | D:9      | Noticed Erica
  4454 | D:9      | Learned a level 6 spell: Summon Cactus Giant
  4540 | D:9      | Noticed Jeremiah
  4566 | D:9      | Killed Jeremiah
  4708 | D:9      | Noticed Grum
  4731 | D:9      | Killed Grum
  4776 | D:10     | Entered Level 10 of the Dungeon
  4784 | D:10     | Reached XP level 11. HP: 32/82 MP: 9/19
  4793 | D:10     | Reached *** piety under Cheibriados
  4796 | D:10     | Reached skill level 1 in Invocations
  4839 | D:10     | Reached skill level 8 in Summonings
  4840 | D:10     | 0/2
  4896 | D:10     | Reached **** piety under Cheibriados
  4908 | D:10     | Found a roughly hewn altar of Beogh.
  5047 | D:10     | Noticed Josephine
  5055 | D:10     | Killed Josephine
  5111 | D:10     | 0/3
  5370 | D:11     | Noticed a two-headed ogre
  5380 | D:11     | Killed a two-headed ogre
  5444 | D:11     | Noticed a red ugly thing
  5454 | D:11     | HP: 4/85 [red ugly thing (19)]
  5456 | D:11     | Killed from afar by an electric eel

Illustrated notes ## ## ###.## ##..~~# #@# ### Turn 0 on D:1: MDIE

...##...# ...#...## #..#
#.......## #..#
#........## #..#
#.).......####..#
...#........##..#
...#...#........#
...##...#.......#####...
...###..##.....†@.......
....##........###....#..
......#......## #..##
###.....###..# ##### #
##...## #..###...###
##...## #..##......#
#.....# #..#..≈.§..#
#..##..####.')..[...#
...# ##..# #.#..≈.≈.##


Turn 4140 on D:8: 0/1 . ######.... #.@....?:. #Y####.... #.# . #.# #######.#####
............# #######.###.# #.# #.# Turn 4840 on D:10: 0/2 #.# ##### ####.#
#.[... ##.##.#####.#### #.........# # ##.##.###.# ## #.##.# .. #.##.# #
###########.##.# ###### #.......@Y..##.. #..... #.############## #..... #._...
#..... #######...)) ###.....####)# #.........)).# #.#.###.#.#.## .######## #.#.#
#.#.#.# Turn 5111 on D:10: 0/3

Levels and vault maps discovered:
D:1:      spicycebolla_green_bress_n_ham_2, layout_basic, minmay_heptomino_o4
D:2:      layout_rooms, basic_altar, uniq_robin, uniq_jessica
D:3:      layout_rooms, trog_three_pillars_becter, gammafunk_ghost_arena,
          kennysheep_potato
D:4:      layout_layer_cave
D:5:      minmay_angry_zag, layout_basic, uniq_grinder, uniq_eustachio,
          uniq_pikel, uniq_blork_the_orc
D:6:      layout_rooms, minmay_temple_entry_mist, serial_shops, shop,
          nicolae_lakefront_shop, shop, shop, shop
D:7:      layout_cave_pools, nemelex_spade_bored_becter, amcnicky_altar_gilded,
          hellmonk_ghost_happy_afterlife, nicolae_the_louvre, uniq_menkaure,
          uniq_joseph, uniq_duvessa
D:8:      layout_layer_cave, nicolae_sif_muna_condensation, serial_shops, shop,
          shop, kennysheep_small_circle, uniq_psyche, uniq_maggie
D:9:      layout_irregular_city, mainiacjoe_overflow_concentric_impassable,
          uniq_jeremiah, uniq_erica, uniq_grum
D:10:     layout_loops_ring, special_room [special_room_orc], uniq_josephine
D:11:     layout_loops_ring, erik_lair_island
Temple:   hellmonk_temple_divided_pantheon

Skill      XL: |  1  2  3  4  5  6  7  8  9 10 11 |
---------------+----------------------------------+-----
Spellcasting   | 2 3 4 5 6 |  6.1
Armour         | 1 2 3 4 5 6 |  6.0
Ice Magic      | 4 5 6 |  6.0
Dodging        | 2 3 |  3.0
Shields        | 1 2 3 5 6 7 |  7.2
Necromancy     | 1 3 5 6 |  6.0
Summonings     | 2 4 5 7 8 |  8.6
Fire Magic     | 4 6 7 |  7.4
Fighting       | 3 4 |  4.5
Invocations    | 3 |  3.1
Stealth        | |  1.4

Action                     |  1- 3 |  4- 6 |  7- 9 | 10-12 || total
---------------------------+-------+-------+-------+-------++-------
  Melee: Unarmed           |     3 |       |       |     3 ||     6
         Dagger            |    44 |    19 |       |       ||    63
         Club              |       |    34 |    48 |    76 ||   158
         War axe           |       |       |    78 |       ||    78
         Hand axe          |       |       |    50 |    17 ||    67
         Trident           |       |       |       |    45 ||    45
  Throw: Dart              |       |       |    19 |       ||    19
   Cast: Freeze            |    27 |    18 |    17 |     7 ||    69
         Frozen Ramparts   |     1 |     5 |    40 |    38 ||    84
         Ozocubu's Armour  |       |       |     7 |     9 ||    16
         Summon Ice Beast  |       |       |     2 |    27 ||    29
         Martyr's Knell    |       |       |     2 |     6 ||     8
 Invoke: Bend Time         |       |       |       |     2 ||     2
  Evoke: Wand              |       |       |    24 |    13 ||    37
    Use: Potion            |     1 |     1 |     8 |     1 ||    11
         Scroll            |       |       |     7 |     4 ||    11
   Stab: Sleeping          |     1 |       |       |       ||     1
 Armour: Robe              |    33 |    32 |       |       ||    65
         Skin              |       |    36 |       |       ||    36
         Ring mail         |       |    22 |   171 |    55 ||   248
         Chain mail        |       |       |       |   101 ||   101
         Acid dragon scale |       |       |       |    16 ||    16
  Dodge: Dodged            |    37 |    31 |   146 |    89 ||   303
  Block: Kite shield       |       |       |     4 |     3 ||     7
         Buckler           |       |       |       |    62 ||    62

Table legend: (Time is in decaauts)
 A = Elapsed time spent in this place.
 B = Non-inter-level travel time spent in this place.
 C = Inter-level travel time spent in this place.
 D = Time resting spent in this place.
 E = Time spent auto-exploring this place.
 F = Levels seen in this place.
 G = Mean time per level.
                   A        B        C        D        E       F      G
               +--------+--------+--------+--------+--------+-----+--------+
         Total |   6382 |   5819 |    563 |      5 |      0 |  12 |  531.8 |
       Dungeon |   6349 |   5797 |    552 |      5 |      0 |  11 |  577.2 |
        Temple |     32 |     21 |     11 |      0 |      0 |   1 |   32.0 |
               +--------+--------+--------+--------+--------+-----+--------+

Top non-repeatable levels by time:
    D:10: 964 daAuts
     D:5: 897 daAuts
     D:8: 816 daAuts
     D:9: 697 daAuts
     D:7: 615 daAuts
     D:4: 556 daAuts
     D:6: 546 daAuts
     D:1: 423 daAuts
     D:3: 360 daAuts
     D:2: 316 daAuts
    D:11: 155 daAuts
  Temple: 32 daAuts
